 Dungeon Crawl Stone Soup version 0.25.1-2-g60ff931df9 (webtiles) character file.

Game seed: 5093704009362816136

160 GeoCrane the Cudgeler (level 5, -3/45 HPs)
             Began as a Minotaur Berserker on Aug 17, 2020.
             Was a Priest of Trog.
             Killed from afar by an orc wizard (9 damage)
             ... with a puff of frost
             ... on level 4 of the Dungeon.
             The game lasted 00:19:28 (2886 turns).

GeoCrane the Cudgeler (Minotaur Berserker)          Turns: 2886, Time: 00:19:28

Health: -3/45      AC:  2    Str: 22    XL:     5   Next: 17%
Magic:  4/4        EV: 12    Int:  4    God:    Trog [***...]
Gold:   121        SH:  0    Dex: 10    Spells: 4/4 levels left

rFire    . . .     SeeInvis .   a - +0 mace
rCold    . . .     Gourm    .   (no shield)
rNeg     . . .     Faith    .   b - +0 animal skin
rPois    .         Spirit   .   (helmet restricted)
rElec    .         Reflect  .   (no cloak)
rCorr    .         Harm     .   (no gloves)
MR       .....                  (no boots)
Stlth    +.........             (no amulet)
HPRegen  0.15/turn              (no ring)
MPRegen  0.09/turn              (no ring)

@: no status effects
A: retaliatory headbutt, horns 2
a: Berserk, Trog's Hand, Renounce Religion


You were on level 4 of the Dungeon.
You worshipped Trog.
Trog was most pleased with you.
You were not hungry.

You visited 1 branch of the dungeon, and saw 4 of its levels.

You collected 121 gold pieces.

Inventory:

Hand Weapons
 a - a +0 mace (weapon)
 n - a +0 spear of freezing
Armour
 b - a +0 animal skin (worn)
Jewellery
 d - a cursed -4 ring of strength {unknown}
 e - a +4 ring of protection {unknown}
 m - an uncursed ring of fire {unknown}
 q - an uncursed ring of flight {unknown}
Scrolls
 g - a scroll of blinking {unknown}
 h - a scroll of remove curse {unknown}
 l - a scroll of immolation {unknown}
 o - a scroll of teleportation {unknown}
 r - a scroll of enchant armour {unknown}
 t - a scroll of identify {unknown}
Potions
 f - a potion of mutation {unknown}
 i - a potion of invisibility {unknown}
 j - a potion of flight {unknown}
 k - a potion of curing {unknown}
 p - a potion of ambrosia {unknown}
Comestibles
 c - 2 rations
 s - 2 chunks of flesh


   Skills:
 - Level 3.6 Fighting
 + Level 7.1 Maces & Flails
 - Level 2.4 Armour
 - Level 2.1 Dodging


You had 4 spell levels left.
You didn't know any spells.
Your spell library was empty.

Dungeon Overview and Level Annotations

Branches:
Dungeon (4/15)
 Temple: D:4-7

Altars:
Cheibriados
Nemelex Xobeh
Ru
Xom
Zin

Annotations:
D:3 Terence


Innate Abilities, Weirdness & Mutations

You reflexively headbutt those who attack you in melee.
You have a pair of horns on your head.


Message History

The puff of flame hits you.
The orc hits you from afar with a +2 vampiric trident.
The orc draws strength from your wounds!
The orc wizard hits you with a +0 dagger.
Something hits you.
* * * LOW HITPOINT WARNING * * *
You feel less confused.
The orc hits you with a +2 vampiric trident!
* * * LOW HITPOINT WARNING * * *
The orc draws strength from your wounds!
The orc wizard mumbles some strange words.
The orc wizard seems to speed up.
Something hits you but does no damage.
The orc hits you from afar with a +2 vampiric trident.
* * * LOW HITPOINT WARNING * * *
The orc wizard hits you with a +0 dagger.
* * * LOW HITPOINT WARNING * * *
There is a stone staircase leading up here.
The orc wizard points at you and mumbles some strange words.
The puff of frost hits you!
You die...

#...............#
#...............#
#...............#
#...............#
#..=...<.......#
.
##.............#
..
#.............#
...
##............#
...
#..........@##..#
##.......o.o#..#
#............#
##.###......####
.....$...........
#+######.....##..
#.##..... +..
.##..# #.. .. ...


You could see an orc wizard (fast) and an orc.

Vanquished Creatures
  A hound (D:2)
  2 adders (D:3)
  An ooze (D:3)
  2 worms
  2 dart slugs
  2 leopard geckos
  15 orcs
  4 giant cockroaches
  9 goblins
  9 hobgoblins
  2 jackals (D:1)
  7 kobolds
  8 bats
  5 frilled lizards
  8 rats
77 creatures vanquished.

Notes
Turn   | Place    | Note
-------+----------+-------------------------------------------
     0 | D:1      | GeoCrane the Minotaur Berserker began the quest for the
                  | Orb.
     0 | D:1      | Reached XP level 1. HP: 19/19 MP: 0/0
    39 | D:1      | Reached skill level 4 in Maces & Flails
   191 | D:1      | Reached XP level 2. HP: 26/26 MP: 1/1
   510 | D:1      | Reached skill level 5 in Maces & Flails
   749 | D:1      | Reached XP level 3. HP: 31/31 MP: 2/2
   986 | D:2      | Reached ** piety under Trog
   986 | D:2      | Reached skill level 6 in Maces & Flails
   986 | D:2      | Reached XP level 4. HP: 39/39 MP: 3/3
  1265 | D:2      | Found a faded altar of an unknown god.
  2211 | D:3      | Found a glowing silver altar of Zin.
  2214 | D:3      | Found a sparkling altar of Nemelex Xobeh.
  2217 | D:3      | Found a shimmering altar of Xom.
  2273 | D:3      | Found a snail-covered altar of Cheibriados.
  2596 | D:3      | Reached XP level 5. HP: 45/45 MP: 4/4
  2602 | D:3      | Reached *** piety under Trog
  2605 | D:3      | Reached skill level 7 in Maces & Flails
  2653 | D:3      | Found a sacrificial altar of Ru.
  2655 | D:3      | Noticed Terence
  2886 | D:4      | Killed from afar by an orc wizard

Illustrated notes

Levels and vault maps discovered:
D:1:      dpeg_arrival_tiny_k, layout_basic
D:2:      layout_basic, chequers_ecumenical_altar_island, minmay_crystal_water,
          kennysheep_cross_room
D:3:      layout_basic, grunt_temple_overflow_cloverleaf, fedhas_altar_4,
          nicolae_ru_great_annihilating_truth, uniq_terence
D:4:      minmay_thinvault, layout_cave_pods, nicolae_overflow_hidden_temple,
          minmay_temple_entry_junction, serial_park, serial_park_square1
          [serial_park_minivault_5x5_6], uniq_sigmund, uniq_ijyb

Skill      XL: |  1  2  3  4  5 |
---------------+----------------+-----
Maces & Flails | 4 5 6 7 |  7.1
Fighting       | |  3.6
Armour         | |  2.4
Dodging        | |  2.1

Action                   |  1- 3 |  4- 6 || total
-------------------------+-------+-------++-------
Melee: Mace              |    66 |    99 ||   165
       Headbutt          |     9 |    12 ||    21
  Eat: Chunk             |       |     3 ||     3
       Ration            |       |     1 ||     1
Armor: Animal skin       |    13 |    20 ||    33
Dodge: Dodged            |    49 |    63 ||   112
